AoeStats
← 野猪也疯狂

Arabia

507675607Analyzed
1v1 RM · 14d ago on Sep 19, 2026· 39m 44s· 2 players
Game mode
Random Map
Map size
Tiny (2 player)
Population
200
Speed
Normal
Resources
Standard
Victory
Conquest
Starting age
Dark Age
Ending age
Imperial Age
RankedLock teamsTeams togetherTeam positionsShared explorationLock speedFull tech treeHidden civsTurbo modeCheats
Victory
Defeat
🇦🇷 Mongols · Argentina
1364
+15
🇮🇳 Vietnamese · India
1333
-15
Niazniaz
6:25 Loom
9:20 Feudal Age
10:05 Double-Bit Axe
11:11 Town Watch
16:09 Fletching
20:24 Wheelbarrow
23:08 Castle Age
21:49 Gold Mining
22:08 Horse Collar
23:23 Crossbowman
24:10 Bodkin Arrow
25:18 Bow Saw
28:28 Ballistics
28:53 Heavy Plow
30:55 Husbandry
31:06 Bloodlines
34:14 Hand Cart
33:59 Town Patrol
35:09 Thumb Ring
40:53 Imperial Age
野猪也疯狂
8:15 Feudal Age
7:30 Loom
8:47 Double-Bit Axe
14:45 Wheelbarrow
14:47 Horse Collar
18:14 Forging
22:08 Castle Age
22:25 Bloodlines
22:21 Light Cavalry
23:28 Husbandry
24:19 Bow Saw
24:50 Scale Barding Armor
33:08 Iron Casting
32:54 Chain Barding Armor
34:37 Gold Mining
35:49 Heavy Plow
36:41 Stone Mining
Connection lost

Rejoining the realm…

Still unreachable

The connection could not be restored.

Session expired

The server has moved on; the page needs a fresh start.